 Dungeon Crawl Stone Soup version 0.27-a0-1140-g099f9bb0e8 (webtiles) character file.

Game seed: 16584788226289398141

118 lorenzova the Conjurer (level 4, -4/24 HPs)
             Began as a Deep Elf Conjurer on May 9, 2021.
             Slain by a hornet zombie (12 damage)
             ... on level 3 of the Dungeon.
             The game lasted 00:04:04 (2892 turns).

lorenzova the Conjurer (Deep Elf Conjurer)          Turns: 2892, Time: 00:04:05

Health: -4/24      AC:  4    Str:  4    XL:     4   Next: 72%
Magic:  3/13       EV: 12    Int: 24    God:
Gold:   104        SH:  0    Dex: 13    Spells: 10/13 levels left

rFire    . . .     SeeInvis +   (no weapon)
rCold    . . .     Faith    .   (no shield)
rNeg     . . .     Spirit   .   a - +0 robe
rPois    .         Reflect  .   i - +1 helmet {SInv}
rElec    .         Harm     .   (no cloak)
rCorr    .         Rampage  .   (no gloves)
Will     .....                  (no boots)
Stlth    ++........             (no amulet)
HPRegen  0.08/turn              (no ring)
MPRegen  0.13/turn              (no ring)

@: no status effects
A: no striking features
a: no special abilities


You were on level 3 of the Dungeon.
You visited 1 branch of the dungeon, and saw 3 of its levels.

You collected 104 gold pieces.

Inventory:

Armour
 a - a +0 robe (worn)
 i - a +1 helmet of see invisible (worn)
Jewellery
 l - an amulet of faith
 o - a ring of protection from fire
Scrolls
 b - 2 scrolls of enchant armour {unknown}
 c - a scroll of noise {unknown}
 d - a scroll of vulnerability {unknown}
 e - a scroll of enchant weapon {unknown}
 g - a scroll of blinking {unknown}
 h - a scroll of holy word {unknown}
 j - 2 scrolls of identify {unknown}
 m - a scroll of fog {unknown}
Potions
 f - a potion of ambrosia {unknown}
 k - 2 potions of lignification {unknown}
 n - a potion of curing {unknown}


   Skills:
 - Level 2.4 Dodging
 - Level 2.4 Stealth
 + Level 5.2 Spellcasting
 + Level 5.7 Conjurations


You had 10 spell levels left.
You knew the following spells:

 Your Spells              Type           Power      Damage    Failure   Level
a - Magic Dart            Conj           100%       1d8       1%          1
b - Searing Ray           Conj           66%        3d5       1%          2

Your spell library contained the following spells:

 Spells                   Type           Power      Damage    Failure   Level
 Dazzling Flash           Conj/Hex       38%        N/A       9%          3
 Fulminant Prism          Conj/Hex       9%         3d7       26%         4
 Iskenderun's Mystic Bla  Conj/Tloc      19%        2d6       26%         4


Dungeon Overview and Level Annotations

Branches:
Dungeon (3/15)

Altars:
Elyvilon
Kikubaaqudgha

Shops:
D:2 *


Message History

The magic dart hits the hornet zombie but does no damage.
Casting: Magic Dart (safe; 1% risk of failure)
Confirm with . or Enter, or press ? or * to list all spells.
Aiming: Magic Dart (safe; 1% risk of failure)
Press: ? - help, Shift-Dir - straight line, f/p - hornet zombie
Aim: a hornet zombie (100% to hit)
The magic dart hits the hornet zombie but does no damage.
Casting: Magic Dart (safe; 1% risk of failure)
Confirm with . or Enter, or press ? or * to list all spells.
Aiming: Searing Ray (safe; 1% risk of failure)
Press: ? - help, Shift-Dir - straight line, f/p - hornet zombie
Aim: a hornet zombie (83% to hit)
The searing ray hits the hornet zombie!
The hornet zombie is moderately damaged. (Press . to maintain the ray.) Unknown command.
The searing ray hits the hornet zombie!
The hornet zombie is moderately damaged.
The hornet zombie barely misses you.
The searing ray hits the hornet zombie!
The hornet zombie is heavily damaged.
The hornet zombie hits you!
The searing ray hits the hornet zombie!
The hornet zombie is severely damaged.
You finish channeling your searing ray.
The hornet zombie hits you. The hornet zombie barely misses you.
Casting: Searing Ray (safe; 1% risk of failure)
Confirm with . or Enter, or press ? or * to list all spells.
Aiming: Searing Ray (safe; 1% risk of failure)
Press: ? - help, Shift-Dir - straight line, f/p - hornet zombie
Aim: a hornet zombie (severely damaged, 83% to hit)
The searing ray hits the hornet zombie.
The hornet zombie is almost destroyed. (Press . to maintain the ray.)
The hornet zombie hits you.
The searing ray hits the hornet zombie.
The hornet zombie is almost destroyed.
The hornet zombie hits you!
Ouch! That really hurt!
You die...

##...## ##.....##
###.......#############
....._................
#.......#....####....
#.....##....# #....
#.Z.##.....# #....
##@##......# #....
#..........# #....
......#######.## #....
###### #..# ##### ##.##
# #..# # ##.## # #..# #
#######'######


You could see a hornet zombie.

Vanquished Creatures
  Robin (D:2)
  3 adders
  A worm (D:3)
  3 dart slugs
  2 orcs (D:3)
  6 bats
  2 endoplasms
  3 giant cockroaches
  12 goblins
  4 hobgoblins
  3 jackals (D:3)
  2 quokkas
  4 ball pythons
  A frilled lizard (D:1)
  4 kobolds
  22 rats
73 creatures vanquished.

Notes
Turn   | Place    | Note
-------+----------+-------------------------------------------
     0 | D:1      | lorenzova the Deep Elf Conjurer began the quest for the
                  | Orb.
     0 | D:1      | Reached XP level 1. HP: 10/10 MP: 6/6
   157 | D:1      | Reached XP level 2. HP: 15/15 MP: 2/8
   161 | D:1      | Learned a level 2 spell: Searing Ray
   832 | D:2      | Noticed Robin
   835 | D:2      | Reached skill level 5 in Conjurations
   835 | D:2      | Reached XP level 3. HP: 16/19 MP: 6/10
  1120 | D:2      | Found Wabog's Assorted Antiques.
  1563 | D:2      | Killed Robin
  1616 | D:2      | Found an ancient bone altar of Kikubaaqudgha.
  1810 | D:2      | Reached XP level 4. HP: 24/24 MP: 4/12
  2439 | D:3      | Reached skill level 5 in Spellcasting
  2882 | D:3      | Found a white marble altar of Elyvilon.
  2892 | D:3      | Slain by a hornet zombie

Illustrated notes

Levels and vault maps discovered:
D:1:      amcnicky_arrival_feature_with_door, layout_rooms
D:2:      minmay_angry_zag, layout_basic, serial_shops, shop, basic_altar,
          uniq_robin
D:3:      minmay_wonky_spiral, layout_basic, lemuel_round_altar,
          basic_ecumenical_altar, minmay_rat_hole

Skill      XL: |  1  2  3  4 |
---------------+-------------+-----
Spellcasting   | 4 5 |  5.2
Conjurations   | 5 |  5.7
Dodging        | |  2.4
Stealth        | |  2.4

Action                   |  1- 3 |  4- 6 || total
-------------------------+-------+-------++-------
 Cast: Magic Dart        |    48 |    33 ||    81
       Searing Ray       |     7 |    10 ||    17
Armor: Robe              |     2 |     2 ||     4
Dodge: Dodged            |     2 |     4 ||     6

Table legend: (Time is in decaauts)
 A = Elapsed time spent in this place.
 B = Non-inter-level travel time spent in this place.
 C = Inter-level travel time spent in this place.
 D = Time resting spent in this place.
 E = Time spent auto-exploring this place.
 F = Levels seen in this place.
 G = Mean time per level.
                   A        B        C        D        E       F      G
               +--------+--------+--------+--------+--------+-----+--------+
         Total |   2892 |   2850 |     42 |   1363 |   1255 |   3 |  964.0 |
       Dungeon |   2892 |   2850 |     42 |   1363 |   1255 |   3 |  964.0 |
               +--------+--------+--------+--------+--------+-----+--------+

Top non-repeatable levels by time:
     D:1: 1111 daAuts
     D:3: 942 daAuts
     D:2: 838 daAuts
